[Event "*** Titled Tuesday Blitz"]
[Site "Chess.com"]
[Date "2020.01.07"]
[Round "6"]
[White "BilodeauA"]
[Black "gena217"]
[Result "1-0"]
[WhiteElo "2828"]
[BlackElo "2944"]
[TimeControl "180+2"]
[EndTime "14:25:12 PST"]
[Termination "BilodeauA won by resignation"]

1. e4 e5 2. Nf3 Nc6 3. Bc4 Bc5 4. O-O Nf6 5. d3 O-O 6. h3 d5 7. exd5 Nxd5 8. c3 Nb6 9. Bb5 Qd5 10. a4 a6 11.
Bxc6 bxc6 12. a5 Nd7 13. Qe2 Rb8 14. Nbd2 Bd6 15. Nc4 c5 16. Qe4 Qe6 17. Ng5 Qg6 18. Qxg6 hxg6 19. Ne4 Be7 20. Be3 Bb7 21. f3 Rfd8 22.
Rfd1 Bc6 23. Kf2 f6 24. Ke2 Kf7 25. h4 Rb5 26. Rh1 Rh8 27. Rad1 Nf8 28. Rh2 Ne6 29.
Rdh1 Bd5 30. Ned2 Rhb8 31. h5 gxh5 32. Rxh5 Bxc4 33. Nxc4 Rxb2+ 34. Nxb2 Rxb2+ 35. Kd1 Rxg2 36. R5h2 Rg3 37. Ke2 c6 38. Kf2 Rg6 39. Rg2 Bd8 40. Rxg6 Kxg6 41. Ra1 Kf7 42. Ra4 Ke7 43. Ke2 Kd6 44. Ra1 f5 45. Bd2 c4 46. dxc4 Kc5 47. Kd3 Bc7 48. Be3+ Kd6 49. Bb6 Nc5+ 50. Kc2 Bxb6 51.
axb6 Kd7 52. Rg1 Kc8 53. Rxg7 e4 54. Rc7+ Kb8 55. Rxc6 Nd7 56. f4 1-0

[Event "*** Titled Tuesday Blitz"]
[Site "Chess.com"]
[Date "2020.01.07"]
[Round "6"]
[White "Squirlolz"]
[Black "mersad_98"]
[Result "1/2-1/2"]
[WhiteElo "2651"]
[BlackElo "2750"]
[TimeControl "180+2"]
[EndTime "14:25:12 PST"]
[Termination "Game drawn by stalemate"]

1. e4 e5 2. Nf3 Nf6 3. d4 Nxe4 4. Bd3 d5 5. Nxe5 Nd7 6. Nxd7 Bxd7 7. O-O Bd6 8. Nc3 Nxc3 9. bxc3 O-O 10. Qh5 f5 11. c4 Qf6 12. c5 Bxc5 13. c3 Bd6 14. Re1 Rae8 15. Bg5 Qg6 16. Qxg6 hxg6 17. h4 Rxe1+ 18. Rxe1 Re8 19. Kf1 Kf7 20. Rxe8 Bxe8 21. Ke2 Ke6 22. g3 a6 23. Ke3 Ba4 24. Bf4 Bxf4+ 25. Kxf4 Kf6 26. a3 Bd7 27. f3 Bc8 28. g4 b6 29.
g5+ Ke7 30. Ke5 c6 31. Be2 Bb7 32. f4 c5 33. Bf3 cxd4 34. cxd4 Kd7 35. h5 gxh5 36.
Bxh5 b5 37. Be2 Bc6 38. Kxf5 Ke7 39. Kg6 Kf8 40. Kf5 a5 41. Ke5 b4 42. axb4 axb4 43. Bd1 Ke7 44. Bb3 Bb7 45. f5 Bc6 46. f6+ gxf6+ 47.
gxf6+ Kf7 48. Kd6 Bb5 49. Kxd5 Kxf6 50. Kc5 Bd7 51. Kxb4 Ke7 52. Kc5 Kd8 53. d5 Bc8 54. d6 Bd7 55. Bd5 Be8 56. Bc6 Bxc6 57. Kxc6 Kc8 58. d7+ Kd8 59. Kd6 1/2-1/2

[Event "*** Titled Tuesday Blitz"]
[Site "Chess.com"]
[Date "2020.01.07"]
[Round "6"]
[White "crazy_machine"]
[Black "Gordima"]
[Result "0-1"]
[WhiteElo "2647"]
[BlackElo "2803"]
[TimeControl "180+2"]
[EndTime "14:25:15 PST"]
[Termination "Gordima won on time"]

1. e4 c5 2. Nf3 e6 3. d4 cxd4 4.
Nxd4 a6 5. Nc3 Qc7 6. Be2 b5 7. O-O Bb7 8. Re1 Be7 9. Bd3 d6 10. Qg4 g6 11. Qg3 Nd7 12. Bg5 Bxg5 13. Qxg5 e5 14. Nf5 Ngf6 15. Bxb5 gxf5 16. Qxf6 Rg8 17. Bxd7+ Qxd7 18. Rad1 Rg6 19. Qh4 Qe7 20. Qxh7 fxe4 21.
Nxe4 O-O-O 22. Qh3+ Kb8 23. Ng3 Bc8 24. Qh5 Bg4 25.
Qh7 Bxd1 26. Rxd1 Qe6 27. Qh5 Qg4 28. Qxg4 Rxg4 29. Nf5 Kc7 30. Ne3 Ra4 31. a3 Rb8 32.
Nd5+ Kd7 33. Nb4 Ke6 34. f3 a5 35. Nd3 Rc4 36. Rd2 f5 37. Kf2 Rbc8 38. c3 f4 39. Ke2 d5 40. Kf2 Kf5 41. Nc1 d4 42. Ne2 Rd8 43. g3 d3 44. Nc1 e4 45. gxf4 Kxf4 46.
Ne2+ Ke5 47. Nd4 Rdxd4 48. cxd4+ Kxd4 49. fxe4 Rc2 50. Ke1 Ke3 51. Rd1 Rxh2 0-1

[Event "*** Titled Tuesday Blitz"]
[Site "Chess.com"]
[Date "2020.01.07"]
[Round "6"]
[White "Gnechko_Ruslan"]
[Black "norwaytoadog"]
[Result "1-0"]
[WhiteElo "2491"]
[BlackElo "2320"]
[TimeControl "180+2"]
[EndTime "14:25:19 PST"]
[Termination "Gnechko_Ruslan won on time"]

1. e4 e5 2. Nf3 Nc6 3. Bc4 Nf6 4. d3 Be7 5. a4 O-O 6. O-O d6 7. h3 Na5 8. Ba2 c5 9. Bd2 Nc6 10. Nc3 Be6 11. Nd5 Bxd5 12. exd5 Nd4 13. c3 Nxf3+ 14. Qxf3 Ne8 15. Qe2 Bg5 16. f4 exf4 17. Bxf4 g6 18. Bh2 Ng7 19. Rae1 f5 20. Qc2 f4 21. Re4 Nh5 22. d4 cxd4 23. Rxd4 Qb6 24. Rf2 f3 25. Rb4 Qd8 26. Rxf3 Rxf3 27. gxf3 Be3+ 28. Kg2 Qf6 29. Qe4 Bc5 30. Rxb7 Rf8 31. Qe6+ Qxe6 32. dxe6 Re8 33. b4 Be3 34. e7+ Kg7 35. Bxd6 Kf6 36. Bc4 Nf4+ 37. Kh2 Rc8 38. Bc5 Bxc5 39. bxc5 Re8 40. Rxa7 g5 41. c6 h5 42. Kg3 Rb8 43. h4 Rb2 44. e8=N+ Ke5 45. Re7+ Kf5 46. Nd6+ Kf6 47. Rf7+ Kg6 48. hxg5 Rg2+ 49. Kxf4 Rg4+ 50. fxg4 hxg4 51. Rf6+ Kg7 52. Kxg4 Kh7 53. c7 1-0

[Event "*** Titled Tuesday Blitz"]
[Site "Chess.com"]
[Date "2020.01.07"]
[Round "6"]
[White "Martins-BR"]
[Black "Kumi29"]
[Result "1/2-1/2"]
[WhiteElo "2334"]
[BlackElo "2485"]
[TimeControl "180+2"]
[EndTime "14:25:20 PST"]
[Termination "Game drawn - insufficient material"]

1. e4 d5 2. exd5 Qxd5 3. Nc3 Qd8 4. d4 Nf6 5. Bc4 g6 6. Nf3 Bg7 7. h3 O-O 8. Be3 b6 9. Qd2 Bb7 10. O-O-O Nc6 11. Bh6 e6 12. Bxg7 Kxg7 13. g4 Na5 14.
Be2 Qd6 15. Rhg1 Bxf3 16. Bxf3 Nc4 17. Qg5 Rad8 18. Qxf6+ Kxf6 19. Ne4+ Ke7 20. Nxd6 Rxd6 21. c3 Rfd8 22. h4 b5 23. Be2 Rb8 24. Bxc4 bxc4 25. Rge1 Ra6 26. a3 Rab6 27. Rd2 Rd8 28. Re5 Rd5 29.
f4 Rbd6 30. Rde2 c6 31. g5 Rd8 32. h5 gxh5 33. Rh2 Rxe5 34. dxe5 Rd3 35. Rxh5 Rf3 36.
Rxh7 Rxf4 37. g6 Kf8 38. gxf7 Rxf7 39. Rh8+ Ke7 40. Rh2 Rf5 41. Rh7+ Rf7 42. Rh2 Kd7 43. Rd2+ Kc7 44. Rd6 Rf1+ 45. Kc2 Rf2+ 46. Kb1 Rf1+ 47. Ka2 Re1 48. Rxe6 Kd7 49. Rd6+ Kc7 50. Rd4 Rxe5 51. Rxc4 Kb6 52. b4 Rh5 53. Kb3 a5 54. a4 Rg5 55.
bxa5+ Rxa5 56. Kb4 Rh5 57. a5+ Rxa5 58. Rxc6+ Kxc6 59. Kxa5 Kc5 60. Ka4 Kc4 61. Ka5 Kxc3 1/2-1/2

[Event "*** Titled Tuesday Blitz"]
[Site "Chess.com"]
[Date "2020.01.07"]
[Round "6"]
[White "attack2mateU"]
[Black "Caracternin123"]
[Result "1/2-1/2"]
[WhiteElo "2678"]
[BlackElo "2525"]
[TimeControl "180+2"]
[EndTime "14:25:28 PST"]
[Termination "Game drawn by repetition"]

1. e4 Nf6 2. e5 Nd5 3. d4 d6 4. Nf3 g6 5. Be2 Bg7 6. O-O O-O 7. exd6 cxd6 8. c4 Nb6 9. Nc3 Nc6 10.
Be3 Bg4 11. b3 d5 12. c5 Nc8 13. Rb1 e6 14. b4 a6 15. a4 Bxf3 16. Bxf3 N8e7 17.
b5 Na5 18. Be2 Nf5 19. bxa6 bxa6 20. Rb6 Nc4 21. Bxc4 dxc4 22. Qe2 Bxd4 23. Rd1 Qf6 24. Bxd4 Nxd4 25. Qxc4 Rfd8 26. Rd6 Nf5 27. Rxd8+ Rxd8 28. Rxd8+ Qxd8 29. c6 Qd2 30. g3 Qc1+ 31. Kg2 Qd2 32. Qc5 Nd6 33. c7 Nc8 34. Ne4 Qd5 35. Qxd5 exd5 36.
Nf6+ Kf8 37. Nxd5 Ke8 38. Kf3 Kd7 39. Kf4 Kd6 40. Nf6 h5 41. Ne4+ Kxc7 42. Ke5 Kb6 43. Kf6 Ka5 44. Kxf7 Kxa4 45. Kxg6 Kb4 46. f4 a5 47. f5 Ne7+ 48. Kf6 Nxf5 49. Kxf5 a4 50.
Nf2 Kc3 51. Nd1+ Kb3 52. Nf2 a3 53. Nd3 Kc2 54. Ke4 Kc3 55. Nc1 Kb2 56. Nd3+ Kc3 57. Nc1 Kb2 58. Nd3+ Kc3 1/2-1/2

[Event "*** Titled Tuesday Blitz"]
[Site "Chess.com"]
[Date "2020.01.07"]
[Round "6"]
[White "Karina_Ivanova"]
[Black "FearlessKing64"]
[Result "1/2-1/2"]
[WhiteElo "2168"]
[BlackElo "2280"]
[TimeControl "180+2"]
[EndTime "14:25:29 PST"]
[Termination "Game drawn - insufficient material"]

1. c4 Nf6 2. Nf3 g6 3. g3 c5 4. Bg2 d5 5. cxd5 Nxd5 6. O-O Bg7 7. Nc3 Nc7 8. e3 Nc6 9. Rb1 O-O 10. a3 Bf5 11. e4 Be6 12. d3 h6 13. Qe2 Qd7 14.
Rd1 Rad8 15. Be3 b6 16. Qc2 Na5 17. b4 cxb4 18. axb4 Nc6 19. d4 Bh3 20. d5 Ne5 21.
Nxe5 Bxe5 22. Bxh6 Bxg2 23. Kxg2 Rfe8 24. Be3 Rc8 25. Qd3 Bxc3 26. Qxc3 Nxd5 27. Qd4 Nxe3+ 28. Qxe3 Qe6 29. Rbc1 Rc4 30. Rxc4 Qxc4 31. Qd4 Qxd4 32.
Rxd4 Ra8 33. b5 Kf8 34. e5 Ke8 35. f4 a5 36. bxa6 Rxa6 37. Kf3 Ra3+ 38. Ke4 Rb3 39. Kd5 Rb2 40. Kc6 b5 41. Kc7 Kf8 42. h4 b4 43.
Kd7 e6 44. g4 b3 45. Rb4 Rb1 46. Rb8+ Kg7 47. Ke7 b2 48. h5 gxh5 49. gxh5 Rf1 50. Rxb2 Rxf4 51. Ke8 Rf5 52. Rb7 Rxe5 53. Rxf7+ Kh6 54.
Ke7 Kxh5 55. Rf6 Kg5 56. Rxe6 Rxe6+ 57. Kxe6 1/2-1/2

[Event "*** Titled Tuesday Blitz"]
[Site "Chess.com"]
[Date "2020.01.07"]
[Round "6"]
[White "Walter_White_Poland"]
[Black "BIG_Pirate"]
[Result "1/2-1/2"]
[WhiteElo "2255"]
[BlackElo "2411"]
[TimeControl "180+2"]
[EndTime "14:25:32 PST"]
[Termination "Game drawn by repetition"]

1. e4 d5 2. exd5 Qxd5 3. Nc3 Qa5 4. d4 Nf6 5. Nf3 Bg4 6. h3 Bh5 7. g4 Bg6 8. Ne5 e6 9. Nc4 Qa6 10.
Ne3 Qb6 11. Bg2 Bb4 12. O-O c6 13. a3 Be7 14. b4 a5 15. Na4 Qc7 16. Bb2 axb4 17.
axb4 Bxb4 18. Nc5 Rxa1 19. Qxa1 O-O 20. Qa7 Bxc5 21. Qxc5 Nbd7 22. Qb4 Be4 23. f3 Bg6 24. c4 Ra8 25. Rd1 h5 26. d5 exd5 27. cxd5 Qb6 28.
Qxb6 Nxb6 29. dxc6 bxc6 30. Bxf6 gxf6 31. f4 Ra3 32.
Kf2 Ra2+ 33. Kf3 Bc2 34. Rc1 hxg4+ 35. hxg4 Ba4 36. Kg3 Ra3 37. Kf2 Ra2+ 38. Kg3 Re2 39. Kf3 Rd2 40. Kg3 Rd6 41. Rc3 Nd5 42. Bxd5 cxd5 43.
Rc8+ Kh7 44. Rc7 Bd7 45. Nf5 Bxf5 46. gxf5 Kg7 47. Kf3 Rd8 48. Ke3 Re8+ 49. Kf3 d4 50.
Rd7 Re3+ 51. Kg4 d3 52. Rd6 Kf8 53. Rd4 Ke7 54. Rd5 Ke8 55. Rd4 Ke7 56. Rd5 Kf8 57. Rd4 Ke7 1/2-1/2

[Event "*** Titled Tuesday Blitz"]
[Site "Chess.com"]
[Date "2020.01.07"]
[Round "6"]
[White "Roenko_Artur"]
[Black "novocane"]
[Result "1/2-1/2"]
[WhiteElo "2253"]
[BlackElo "2178"]
[TimeControl "180+2"]
[EndTime "14:25:33 PST"]
[Termination "Game drawn - insufficient material"]

1. e4 c5 2. d4 cxd4 3. c3 dxc3 4. Nxc3 Nc6 5. Nf3 d6 6. Bc4 a6 7. a4 Nf6 8. e5 dxe5 9. Qxd8+ Nxd8 10. Nxe5 e6 11.
Bg5 Be7 12. O-O-O O-O 13. Rd3 h6 14. Bh4 Nc6 15. Nxc6 bxc6 16. Rhd1 c5 17. f3 Re8 18. a5 Bb7 19. Na4 Nd5 20. Bxe7 Nxe7 21. Nxc5 Bd5 22. Bxd5 Nxd5 23. Kb1 Rec8 24. Ne4 Rc6 25. Rb3 Rac8 26. g4 Nf4 27. h4 Nd5 28. g5 hxg5 29.
hxg5 Ne7 30. Rb7 Nd5 31. Rh1 Rd8 32. g6 fxg6 33. Rg1 Nf4 34. Ng5 Rcd6 35. Ka2 R6d7 36.
Rb4 Rd4 37. Rxd4 Rxd4 38. Rc1 Rd8 39. Rc6 Kf8 40. Rxa6 Ke7 41. Ra7+ Kf6 42. Ne4+ Ke5 43. Rxg7 Nd5 44. a6 Ra8 45. a7 Nb4+ 46. Kb3 Nc6 47. Nc5 Rxa7 48. Rxa7 Nxa7 49. Kc4 Nc6 50. b4 Nxb4 51. Kxb4 Kf4 52. Nd3+ Kxf3 53. Ne5+ Kf4 54. Nxg6+ Kf5 55. Ne7+ Kf6 56. Nc6 e5 57. Nxe5 1/2-1/2

[Event "*** Titled Tuesday Blitz"]
[Site "Chess.com"]
[Date "2020.01.07"]
[Round "6"]
[White "viktorskliarov"]
[Black "SavelijTartakover"]
[Result "1/2-1/2"]
[WhiteElo "2603"]
[BlackElo "2709"]
[TimeControl "180+2"]
[EndTime "14:25:36 PST"]
[Termination "Game drawn by agreement"]

1. e4 e5 2. Nc3 Nf6 3. Bc4 Nxe4 4. Qh5 Nd6 5. Bb3 Be7 6. Qxe5 O-O 7. Nge2 Nc6 8. Qf4 Bg5 9. Qf3 Na5 10. h4 Be7 11. Nd5 Nxb3 12. axb3 c6 13. Nxe7+ Qxe7 14. d3 Nb5 15. Be3 d5 16. O-O-O a5 17. Qf4 Qc7 18.
h5 Qxf4 19. Bxf4 Re8 20. Nc3 Nxc3 21. bxc3 a4 22. bxa4 Rxa4 23. Be3 f6 24. Kd2 Bf5 25. h6 g5 26. Bd4 Kf7 27. Rde1 Rxe1 28. Rxe1 g4 29.
f4 b5 30. g3 Ra8 31. Bc5 Be6 32. Bd4 Re8 33. Bc5 Kg6 34. Bd4 Kf5 35. Rh1 Rg8 36. Rh5+ Kg6 37. Rh1 Bf5 38. Re1 Kf7 39. Bc5 Be6 40. Bd4 Rg6 41. Rh1 Bf5 42. Kc1 Rg8 43.
Kd2 Kg6 44. Re1 Kf7 45. Rh1 Ra8 46. Re1 Rc8 47. Bc5 Be6 48. Ra1 Rc7 49. Ra7 Rxa7 50. Bxa7 Kg6 51. Bd4 Kxh6 52. Bxf6 Kg6 53. Be7 h5 54.
Ke3 Bf5 55. Kd4 Kf7 56. Bg5 Ke6 57. Kc5 Kd7 58. Bf6 Bg6 59. Bg5 Bf5 1/2-1/2

[Event "*** Titled Tuesday Blitz"]
[Site "Chess.com"]
[Date "2020.01.07"]
[Round "6"]
[White "MatthewG-p4p"]
[Black "Pilopa"]
[Result "1-0"]
[WhiteElo "2846"]
[BlackElo "2552"]
[TimeControl "180+2"]
[EndTime "14:25:39 PST"]
[Termination "MatthewG-p4p won by checkmate"]

1. e4 Nc6 2. Nc3 Nf6 3. d4 d5 4. e5 Nd7 5. Nxd5 Ndb8 6. Nc3 Qxd4 7. Qxd4 Nxd4 8. Bd3 Nbc6 9. Nd5 Nxe5 10. Nxc7+ Kd8 11. Nxa8 Nxd3+ 12. cxd3 Nc2+ 13. Kd1 Nxa1 14. Bf4 f6 15. d4 Bf5 16. Ne2 e6 17. Kd2 Nc2 18. Rc1 Bb4+ 19. Kd1 Kd7 20. Nc7 a6 21. a3 Bd6 22.
Bxd6 Kxd6 23. g4 Be4 24. f3 Bg6 25. Nxe6 Kxe6 26. Nf4+ Kd6 27. Nxg6 Ne3+ 28. Kd2 Nc4+ 29. Rxc4 hxg6 30. Rb4 Rxh2+ 31. Ke3 b5 32. b3 Kc6 33.
a4 Kb6 34. d5 Rh8 35. Rd4 Rd8 36. axb5 axb5 37. b4 Kc7 38. Rd2 Kd6 39. Rc2 Re8+ 40.
Kd4 Re1 41. Rc6+ Kd7 42. Rb6 Rf1 43. Rxb5 Rxf3 44. Rb7+ Kd6 45. Rb6+ Kd7 46. Ra6 Rf4+ 47. Kc5 Rxg4 48. Ra7+ Kc8 49. Rxg7 Rg1 50. Kc6 Kb8 51. b5 Rc1+ 52. Kd6 g5 53. Ke6 Rd1 54. d6 Kc8 55. Rg8+ Kb7 56. d7 Re1+ 57. Kxf6 Rd1 58.
d8=Q Rxd8 59. Rxd8 Kb6 60. Kxg5 Kxb5 61. Kf5 Kc6 62. Ke5 Kc7 63. Rd3 Kc6 64. Rc3+ Kb5 65. Kd5 Kb4 66. Rc5 Kb3 67. Rc4 Ka3 68. Kd4 Kb3 69. Kd3 Kb2 70. Rb4+ Ka2 71. Kc2 Ka3 72. Rc4 Ka2 73. Ra4# 1-0

[Event "*** Titled Tuesday Blitz"]
[Site "Chess.com"]
[Date "2020.01.07"]
[Round "6"]
[White "vanea_03"]
[Black "patrisiii123"]
[Result "1-0"]
[WhiteElo "2687"]
[BlackElo "2472"]
[TimeControl "180+2"]
[EndTime "14:25:39 PST"]
[Termination "vanea_03 won by resignation"]

1. Nf3 Nf6 2. g3 g6 3. b3 Bg7 4. Bb2 O-O 5. Bg2 c5 6. c4 Nc6 7. O-O d6 8. e3 Bg4 9. h3 Bf5 10. d4 cxd4 11. Nxd4 Be4 12. Nf3 Qd7 13. Nc3 Bf5 14.
Kh2 Ne4 15. Nd4 Nxd4 16. exd4 Nxc3 17. Bxc3 Rac8 18. Rc1 h5 19. Re1 b5 20. c5 dxc5 21. dxc5 Qxd1 22. Rexd1 Rxc5 23. Bxg7 Rxc1 24. Rxc1 Kxg7 25.
Rc7 a5 26. Rxe7 Be6 27. Rb7 a4 28. Rxb5 Rc8 29. Be4 Rd8 30. Kg2 Rd2 31. bxa4 Rxa2 32. a5 Ra4 33. Bb7 Bc4 34. Rc5 Bd3 35. h4 Ra1 36.
Kf3 Bf5 37. a6 Bd3 38. Rc6 Ra3 39. Kf4 Ra4+ 40. Ke3 Be4 41. Rc8 Bf5 42. Kd2 Bxc8 43. Bxc8 Kf6 44. Kc3 Ke5 45. Kb3 Ra1 46. Bb7 Kd4 47.
Kb4 Kd3 48. Kc5 Ke2 49. f3 Kf2 50. g4 Kg3 51. gxh5 gxh5 52. Kb6 Kxh4 53. a7 Kg3 54.
Ba6 Rb1+ 55. Kc5 Rc1+ 56. Kb4 h4 57. a8=Q h3 58. Qg8+ Kh2 59. Qxf7 Rg1 60. f4 Rg4 61. Bb7 Kg3 62. Kc3 Rxf4 63. Qh5 Rg4 64. Kd2 Rf4 65. Ke3 Rg4 66. Qe5+ Kh4 67. Kf3 Ra4 68. Qe7+ Kh5 69.
Qe8+ 1-0

[Event "*** Titled Tuesday Blitz"]
[Site "Chess.com"]
[Date "2020.01.07"]
[Round "6"]
[White "Manukyan_Artak"]
[Black "ITheOnlyME"]
[Result "0-1"]
[WhiteElo "2468"]
[BlackElo "2327"]
[TimeControl "180+2"]
[EndTime "14:25:43 PST"]
[Termination "ITheOnlyME won by checkmate"]

1. e4 c5 2. Nf3 g6 3. c3 d5 4. exd5 Qxd5 5. d4 Bg7 6. Be3 cxd4 7. cxd4 Nh6 8. Nc3 Qd8 9. Bb5+ Bd7 10. Qb3 Nf5 11. O-O O-O 12. Bxd7 Qxd7 13. Ne5 Bxe5 14. dxe5 Nxe3 15. fxe3 Nc6 16. Rxf7 Rxf7 17. e6 Na5 18. exf7+ Kf8 19. Qb4 Nc6 20. Qh4 Kg7 21. Rf1 Rf8 22. Qf4 Qe6 23. h4 Rxf7 24. Qe4 Rxf1+ 25. Kxf1 Qxe4 26.
Nxe4 b6 27. Ke2 h6 28. a3 Kf7 29. b4 Ke6 30. Nd2 Ne5 31. e4 b5 32. Ke3 a6 33.
Kd4 Kd6 34. Nf3 Nc4 35. a4 e5+ 36. Kc3 Ne3 37. axb5 axb5 38. g3 h5 39. Nh2 Ke6 40.
Kd3 Nc4 41. Nf3 Kf6 42. Ng5 Nb2+ 43. Kc3 Nd1+ 44. Kd2 Nf2 45. Ke3 Ng4+ 46. Kf3 Nh2+ 47. Kg2 Ng4 48. Nf3 Ne3+ 49. Kf2 Nc2 50. Ne1 Nxb4 51. Ke3 Ke6 52. Nf3 Nc6 53. Kd3 Kd6 54. Ng5 Kc5 55. Ne6+ Kb4 56. Nf8 Ka3 57. Nxg6 b4 58.
Kc2 Ka2 59. g4 b3+ 60. Kc3 b2 61. gxh5 b1=Q 62. h6 Qxe4 63. h7 Qd4+ 64. Kc2 Nb4+ 65. Kc1 Qd3 66. h8=Q Qc2# 0-1

[Event "*** Titled Tuesday Blitz"]
[Site "Chess.com"]
[Date "2020.01.07"]
[Round "6"]
[White "tigra"]
[Black "JMatias"]
[Result "1-0"]
[WhiteElo "2770"]
[BlackElo "2440"]
[TimeControl "180+2"]
[EndTime "14:25:44 PST"]
[Termination "tigra won by resignation"]

1. e4 e5 2. Nf3 Nc6 3. Bc4 Bc5 4. c3 Nf6 5. d3 d6 6. Nbd2 a5 7. O-O O-O 8. h3 Be6 9. Bb5 Ne7 10. d4 exd4 11. cxd4 Bb6 12. b3 Ng6 13. Re1 c6 14.
Bf1 Re8 15. g3 d5 16. e5 Nd7 17. h4 h6 18. Bd3 Ndf8 19. Nf1 Qd7 20. Ne3 Ne7 21. Qc2 Bg4 22. Nxg4 Qxg4 23. Qd1 Ne6 24. Be3 Nf5 25. Bxf5 Qxf5 26. Rc1 Qg4 27. Nh2 Qxd1 28. Rexd1 h5 29. a4 g6 30. Kf1 Ng7 31. Rd3 Nf5 32.
Rcd1 Re6 33. Nf3 Kg7 34. Bg5 Bd8 35. Ke2 Bxg5 36. Nxg5 Re7 37. Kd2 f6 38. Nf3 Rae8 39. Rc1 Nh6 40. exf6+ Kxf6 41. Ne5 Nf7 42. Rf3+ Kg7 43.
Nxf7 Rxf7 44. Rxf7+ Kxf7 45. f3 Kf6 46. Rc5 Ra8 47.
Ke3 Kf5 48. Kf2 Ke6 49. Rc3 Kd6 50. Re3 b5 51. Re5 bxa4 52. bxa4 Rb8 53. Rg5 Rb4 54. Ke3 Rxa4 55. Rxg6+ Kd7 56. g4 hxg4 57. fxg4 Ra1 58.
Rg7+ Ke6 59. h5 Rh1 60. Kf4 a4 61. Ra7 Kf6 62. g5+ Ke6 63. h6 Rh4+ 64. Kg3 Rh1 65. Kg4 Rg1+ 66. Kh5 Kf5 67. Rf7+ Ke4 68. h7 a3 69. Kg6 Rh1 70. Ra7 Kxd4 71. Rxa3 c5 72. Ra1 Rh2 73. Kg7 c4 74. g6 c3 75. h8=Q Rxh8 76.
Kxh8 c2 77. g7 1-0

[Event "*** Titled Tuesday Blitz"]
[Site "Chess.com"]
[Date "2020.01.07"]
[Round "6"]
[White "yoolund"]
[Black "SavelievAlexei"]
[Result "0-1"]
[WhiteElo "2502"]
[BlackElo "2336"]
[TimeControl "180+2"]
[EndTime "14:25:45 PST"]
[Termination "SavelievAlexei won on time"]

1. d4 Nf6 2. Bg5 e6 3. e4 Be7 4. Bd3 d6 5. f4 b6 6. Nf3 Bb7 7. Qe2 c5 8. c3 h6 9. Bh4 Nh5 10. Bg3 Nd7 11. Nbd2 Qc7 12. a4 a6 13. O-O Nxg3 14.
hxg3 O-O 15. e5 Rfd8 16. Rad1 Nf8 17. f5 exf5 18. Bxf5 cxd4 19. e6 fxe6 20. Bxe6+ Nxe6 21. Qxe6+ Kh8 22. Nxd4 Bc8 23. Qe4 Bb7 24. Qg6 Bf6 25.
Rxf6 gxf6 26. Qxh6+ Kg8 27. Qg6+ Qg7 28. Qxg7+ Kxg7 29. Ne6+ Kf7 30. Nxd8+ Rxd8 31. Kf2 Ke6 32. Nb3 Be4 33. Nd4+ Ke5 34. Rh1 b5 35. Rh5+ f5 36.
Rh6 bxa4 37. Nf3+ Kd5 38. Rh1 Rb8 39. Ra1 Rxb2+ 40. Ke3 Rxg2 41. Nd4 Rxg3+ 42. Kf4 Rxc3 43.
Nxf5 Bxf5 44. Kxf5 a3 45. Rd1+ Kc5 46. Ke4 a2 47.
Rd5+ Kb4 48. Rd1 Kb3 49. Kd4 Rc5 50. Rh1 Kb2 0-1

[Event "*** Titled Tuesday Blitz"]
[Site "Chess.com"]
[Date "2020.01.07"]
[Round "6"]
[White "ahachess"]
[Black "Bagirova"]
[Result "1/2-1/2"]
[WhiteElo "2237"]
[BlackElo "2123"]
[TimeControl "180+2"]
[EndTime "14:25:46 PST"]
[Termination "Game drawn by repetition"]

1. d4 Nf6 2. c4 e6 3. g3 c5 4.
d5 exd5 5. cxd5 d6 6. Nc3 g6 7. Bg2 Bg7 8. Nf3 O-O 9. O-O a6 10. a4 Re8 11. Nd2 Qc7 12. e4 Nbd7 13. Qc2 Rb8 14.
a5 b5 15. axb6 Nxb6 16. Na4 Nxa4 17. Rxa4 Bd7 18. Ra2 Bb5 19. Re1 Ng4 20. Nc4 Ne5 21. Nxe5 Bxe5 22. b3 Qe7 23. Bb2 Qf6 24. Bc1 Bc3 25. Bd2 Bd4 26. Be3 Rbc8 27. h4 c4 28. Bg5 Qg7 29. bxc4 Rxc4 30. Qb3 Rc3 31. Qb4 Rxg3 32. Qxd6 Rg4 33. Rxa6 Be5 34. Qb6 Bxa6 35.
Qxa6 h6 36. Qc6 Rb8 37. Qd7 Rxg2+ 38. Kxg2 hxg5 39. hxg5 Bc3 40. Rh1 Qe5 41. Qg4 Re8 42.
f3 Qd4 43. Qh4 Qd2+ 44. Kh3 Qe3 45. Kg4 Rxe4+ 46. fxe4 Qxe4+ 47. Kg3 Be1+ 48. Rxe1 Qxe1+ 49. Kh3 Qh1+ 50. Kg4 Qe4+ 51. Kh3 Qf3+ 52. Qg3 Qh1+ 53. Kg4 Qxd5 54. Qb8+ Kg7 55. Qb2+ Kh7 56. Qh2+ Kg8 57. Qb8+ Kg7 58. Qb2+ f6 59. Qxf6+ Kh7 60. Qe7+ Kg8 61. Qe8+ Kg7 62. Qe7+ Kg8 63. Qe8+ Kg7 64. Qe7+ Kg8 1/2-1/2

[Event "*** Titled Tuesday Blitz"]
[Site "Chess.com"]
[Date "2020.01.07"]
[Round "6"]
[White "Szczor"]
[Black "chess3054"]
[Result "1-0"]
[WhiteElo "2599"]
[BlackElo "2430"]
[TimeControl "180+2"]
[EndTime "14:25:50 PST"]
[Termination "Szczor won by resignation"]

1. e4 e5 2. Nf3 Nc6 3. Bb5 a6 4.
Ba4 Nf6 5. O-O Be7 6. d3 b5 7. Bb3 d6 8. a4 Bb7 9. Nc3 b4 10. Nd5 Na5 11. Nxf6+ Bxf6 12. Ba2 Rb8 13. c3 b3 14. Bb1 c5 15. c4 Bc8 16. Bd2 Nc6 17.
h3 O-O 18. Ra3 Qb6 19. a5 Qb7 20. Bc3 g6 21. Nd2 Bg7 22. Rxb3 Qc7 23. Rxb8 Qxb8 24. Bc2 f5 25. Ba4 Nd4 26. Bxd4 exd4 27. Qb3 Qxb3 28. Bxb3 Bh6 29. Rd1 Bb7 30. exf5 gxf5 31. Ba4 Kf7 32. g3 Kf6 33. f4 Rg8 34. Kf2 Bxf4 35. gxf4 Rg2+ 36.
Kf1 Rh2 37. Ke1 Rxh3 38. Nf1 Rh1 39. Kf2 h5 40. Be8 h4 41. Bh5 Rh3 42. Be2 d5 43. Rc1 Ke7 44. Bf3 Kd6 45. Kg2 Rxf3 46. Kxf3 dxc4+ 47. Ke2 cxd3+ 48. Kxd3 Be4+ 49. Ke2 Kd5 50. Nd2 Bg2 51. Kf2 h3 52. Kg3 d3 53. Nb3 c4 54.
Nd2 Kd4 55. Nxc4 Be4 56. Kxh3 Bd5 57. b3 Ke4 58. Kg3 Bxc4 59. Rxc4+ Ke3 60. Rc6 d2 61. Rxa6 d1=Q 62. Re6+ Kd2 63. Rd6+ Kc2 64. Rxd1 Kxd1 65. a6 1-0

[Event "*** Titled Tuesday Blitz"]
[Site "Chess.com"]
[Date "2020.01.07"]
[Round "6"]
[White "AleksanderHnydiuk"]
[Black "riconaipe"]
[Result "0-1"]
[WhiteElo "2423"]
[BlackElo "2584"]
[TimeControl "180+2"]
[EndTime "14:25:50 PST"]
[Termination "riconaipe won by resignation"]

1. Nf3 d5 2. d4 Nf6 3. c4 e6 4. g3 Be7 5. Bg2 O-O 6. Qc2 a6 7. Nbd2 dxc4 8. Nxc4 Nc6 9. O-O Nxd4 10. Nxd4 Qxd4 11. Rd1 Qc5 12. Be3 Qh5 13. h3 e5 14. g4 Bxg4 15. hxg4 Nxg4 16. Qe4 c6 17. Qf3 f5 18. Bh3 e4 19. Bxg4 fxg4 20. Qxe4 Rae8 21. Rd7 Bh4 22. Qd4 Bf6 23. Qc5 Qh3 24. Qd6 g3 25. Qxg3 Qxd7 26. Bc5 Re4 27. Ne3 Rfe8 28. Rd1 Qf7 29. Nf5 Qg6 30. Qxg6 hxg6 31. Nd6 Rg4+ 32.
Kf1 Re5 33. b4 Rh5 34. e3 Rh1+ 35. Ke2 Rxd1 36. Kxd1 Be7 37. Nxb7 Bxc5 38. bxc5 Ra4 39. Nd8 Rxa2 40. Nxc6 Rxf2 41. Ne7+ Kf7 42. Nd5 Ke6 43. Nf4+ Kd7 44. Nxg6 Kc6 45. Ne5+ Kd5 46. Nd3 Rh2 47.
Nb4+ Kxc5 48. Nxa6+ Kc4 49. e4 Kd4 50. e5 Kxe5 51.
Nc5 g5 52. Ke1 g4 53. Kf1 g3 54. Kg1 Ra2 55. Nd3+ Ke4 56. Nc5+ Kf3 57. Nb3 Rb2 58. Nd4+ Kg4 59. Ne6 Rb1+ 60. Kg2 Rb2+ 61. Kg1 Rd2 62. Kf1 g2+ 63. Kg1 Kg3 0-1

[Event "*** Titled Tuesday Blitz"]
[Site "Chess.com"]
[Date "2020.01.07"]
[Round "6"]
[White "moro182"]
[Black "AndrewMaco"]
[Result "1/2-1/2"]
[WhiteElo "2749"]
[BlackElo "2628"]
[TimeControl "180+2"]
[EndTime "14:25:59 PST"]
[Termination "Game drawn - insufficient material"]

1. d4 Nf6 2. c4 e6 3. Nc3 Bb4 4. e3 O-O 5. Bd3 d5 6. Nf3 dxc4 7. Bxc4 c5 8. a3 Bxc3+ 9. bxc3 Qc7 10. Ba2 b6 11.
O-O Ba6 12. Re1 Nc6 13. e4 Na5 14. e5 Nd5 15. Bb1 g6 16. Bd2 Bc4 17. Be4 Rad8 18. Ng5 Nb3 19. Rb1 Nxd2 20. Qxd2 h6 21. Nf3 Kg7 22. h4 Qe7 23. h5 g5 24. g3 Rc8 25. a4 Rfd8 26. Nh2 f5 27. exf6+ Nxf6 28. Bg2 Nxh5 29. a5 b5 30. Ng4 a6 31. Qe3 cxd4 32.
cxd4 Qd6 33. Rbd1 Rc7 34. d5 exd5 35. Qd4+ Nf6 36. Re3 Rf8 37. Rde1 Qc5 38. Qe5 Rcf7 39. Rf3 Qc7 40. Qd4 h5 41. Nxf6 Rxf6 42. Re6 Qd8 43.
Rf5 Kg6 44. Rfxf6+ Rxf6 45. Be4+ Kf7 46. Rxf6+ Qxf6 47.
Bxd5+ Kg7 48. Qa7+ Kh6 49. Be4 Bf7 50. Qb6 Kg7 51. Bb7 Qxb6 52. axb6 b4 53. Bxa6 Bd5 54.
b7 Bxb7 55. Bxb7 b3 56. Be4 b2 57. Kg2 g4 58. Kf1 Kf6 59. Ke2 Kg5 60. Ke3 h4 61.
gxh4+ Kxh4 62. Kf4 Kh3 63. Kg5 b1=Q 64. Bxb1 Kg2 65.
Kxg4 Kxf2 1/2-1/2